 Dungeon Crawl Stone Soup version 0.30.1-11-g7821555f0a (webtiles) character file.

Game seed: 12645125772102749704

12455 bnorton916 the Eclecticist (level 11, -8/51 (54) HPs)
             Began as a Deep Elf Conjurer on Dec 7, 2023.
             Was an Elder of Sif Muna.
             Killed from afar by Josephine (27 damage)
             ... with a ghostly fireball
             ... on level 11 of the Dungeon.
             The game lasted 00:35:34 (21110 turns).

bnorton916 the Eclecticist (Deep Elf Conjurer)     Turns: 21110, Time: 00:35:35

HP:   -8/51 (54)    AC: 15    Str: 10    XL:     11   Next: 62%
MP:   21/32         EV: 28    Int: 33    God:    Sif Muna [****..]
Gold: 393           SH:  0    Dex: 17    Spells: 24/40 levels left

rFire   . . .        x - +2 halberd (freeze)
rCold   + + .        (shield currently unavailable)
rNeg    . . .        L - +4 robe of Augmentation {Str+4 Int+4 Dex+4}
rPois   .            a - +2 helmet "Xefunk" {rC+ Int+3}
rElec   .            o - +0 cloak
rCorr   .            v - +2 pair of gloves
SInv    +            p - +0 pair of boots
Will    +....        C - amulet of the acrobat
Stlth   ++           e - ring of see invisible
HPRegen 0.28/turn    f - ring of protection from cold
MPRegen 0.23/turn

%: acrobat
@: lethally poisoned (-8 -> -10), acrobatic, slowed, drained, very slow
A: no striking features
a: Renounce Religion, Channel Magic, Forget Spell, Divine Exegesis


You were on level 11 of the Dungeon.
You worshipped Sif Muna.
Sif Muna was greatly pleased with you.
You visited 2 branches of the dungeon, and saw 12 of its levels.

You collected 688 gold pieces.
You spent 295 gold pieces at shops.

Inventory:

Hand Weapons
 x - a +2 halberd of freezing (weapon)
Missiles
 m - 2 curare-tipped darts
 u - 59 poisoned darts
 y - 3 throwing nets
Armour
 a - the +2 helmet "Xefunk" (worn) {rC+ Int+3}
   (You bought it in a shop on level 6 of the Dungeon)

   Int:       It affects your intelligence (+3).
   rC:        It protects you from cold.
 o - a +0 cloak (worn)
 p - a +0 pair of boots (worn)
 v - a +2 pair of gloves (worn)
 F - a +1 robe of cold resistance
 G - a +1 leather armour of willpower
 I - a +0 troll leather armour
 L - the +4 robe of Augmentation (worn) {Str+4 Int+4 Dex+4}
   (You found it on level 8 of the Dungeon)

   Str:       It affects your strength (+4).
   Int:       It affects your intelligence (+4).
   Dex:       It affects your dexterity (+4).
Jewellery
 e - a ring of see invisible (left hand)
 f - a ring of protection from cold (right hand)
 h - a ring of protection from cold
 C - an amulet of the acrobat (around neck)
 M - a +6 ring of strength
 S - a +4 ring of protection
Wands
 r - a wand of flame (12)
 J - a wand of digging (8)
 O - a wand of polymorph (12)
 P - a wand of iceblast (12)
Scrolls
 b - a scroll of noise
 c - 3 scrolls of amnesia
 d - a scroll of poison
 j - 5 scrolls of teleportation
 t - a scroll of fear
 w - 2 scrolls of enchant armour
 B - 3 scrolls of enchant weapon
 D - 2 scrolls of fog
 Q - a scroll of silence
 R - a scroll of magic mapping
 T - a scroll of immolation {unknown}
 U - a scroll of brand weapon {unknown}
Potions
 g - 3 potions of heal wounds
 i - a potion of haste
 k - 2 potions of ambrosia {unknown}
 l - 5 potions of lignification
 n - 5 potions of degeneration
 q - 2 potions of might
 s - a potion of brilliance {unknown}
 z - 7 potions of curing
 A - a potion of invisibility
 E - a potion of cancellation {unknown}
 H - 3 potions of resistance {unknown}
 K - 2 potions of attraction {unknown}
 N - a potion of flight


   Skills:
 - Level 4.0 Armour
 - Level 2.4 Dodging
 - Level 2.4 Stealth
 + Level 15.0 Spellcasting
 + Level 13.2 Conjurations
 - Level 4.0 Hexes
 - Level 3.0 Translocations
 - Level 5.0 Poison Magic
 - Level 5.0 Invocations


You had 24 spell levels left.
You knew the following spells:

 Your Spells              Type           Power      Damage    Failure   Level
a - Magic Dart            Conj           100%       1d8       0%          1
b - Searing Ray           Conj           100%       2d8       0%          2
c - Fulminant Prism       Conj/Hex       34%        3d16      1%          4
d - Summon Small Mammal   Summ           96%        N/A       1%          1
e - Olgreb's Toxic Radia  Pois           55%        N/A       2%          4
f - Iskenderun's Mystic   Conj/Tloc      67%        2d14      1%          4

Your spell library contained the following spells:

 Spells                   Type           Power      Damage    Failure   Level
 Sting                    Tmut/Pois      100%       1d8       1%          1
 Poisonous Vapours        Pois/Air       82%        N/A       1%          2
 Dazzling Flash           Conj/Hex       100%       N/A       1%          3
 Summon Guardian Golem    Hex/Summ       37%        N/A       2%          3
 Call Canine Familiar     Summ           24%        N/A       4%          3


Dungeon Overview and Level Annotations

Branches:
Dungeon (11/15)            Temple (1/1) D:5
   Lair: D:8-11         Orc: D:9-12

Altars:
Cheibriados
Elyvilon
Hepliaklqana
Kikubaaqudgha
Sif Muna
Trog
Vehumet
Wu Jian
Xom
The Shining One

Shops:
D:2 [   D:6 ?[*

Annotations:
D:9 Maggie
D:11 Josephine


Message History

The kobold brigand throws a curare-tipped dart.
The curare-tipped dart hits you.
You are poisoned.
You have difficulty breathing.
You feel yourself slow down.
Your fulminant prism explodes!
The blast of energy engulfs the kobold brigand!
The kobold brigand is severely wounded.
Casting: Fulminant Prism (dangerous; 1% risk of failure)
Confirm with . or Enter, or press ? or * to list all spells.
Aiming: Fulminant Prism (dangerous; 1% risk of failure)
Press: ? - help, Dir - move target You conjure a prism of explosive energy!
A fulminant prism comes into view.
You feel very sick.
The kobold brigand throws a curare-tipped dart.
The curare-tipped dart hits you.
You are more poisoned.
You have difficulty breathing.
You feel as though you will be slow longer.
You feel very sick.
Your fulminant prism crackles loudly.
There is an open door here.
Items here: ( ) [ †.
You feel very sick.
Your fulminant prism explodes!
The blast of energy engulfs the kobold brigand!!
You kill the kobold brigand!
Sif Muna accepts your kill.
You hear a shout!
Your magical contamination has completely faded away.
Things that are here:
a +0 arbalest; a +0 short sword; a +0 chain mail You close the door, pushing everything out of the way.
You feel very sick.
You feel sick.
You feel sick.
Josephine opens the door.
Josephine gestures at you while chanting.
The ghostly flame explodes!
The ghostly fireball engulfs you!!
You feel drained.
Ouch! That really hurt!
You die...

##### ####### ######### ....###
#.....# #.......##
......###.....######).......####
.)..#.[)'..)..##@.)'@..........##
)..)#####))).)').###(..))........
##### #.....#### #.............
##'#### ###+#......... #.#
#.#......... #.# #........... #.#
##.....####. ### #.## ......# ..#
#.)## ####........'..


You could see Josephine.

Vanquished Creatures
  The ghost of Jingleheimer the Frost Mage, a novice OpTm of Gozag (D:9)
  Pikel (D:5)
  2 unseen horrors
  A komodo dragon (D:9)
  2 kobold demonologists (D:11)
  The ghost of hawkwood the Trooper, an amateur DgAr (D:5)
  A queen bee (D:9)
  4 trolls
  Prince Ribbit (D:6)
  2 wyverns (D:8)
  10 yaks
  5 wraiths
  The ghost of Grendle the Covered, an amateur FoFi (D:4)
  A steam dragon (D:9)
  Menkaure (D:4)
  An acid dragon (D:11)
  Duvessa (D:5)
  3 sky beasts
  6 orc warriors
  A black bear (D:6)
  4 ogres
  9 centaurs
  2 phantoms
  10 kobold brigands
  2 lemures
  2 scorpions
  5 bullfrogs
  A gnoll sergeant (D:11)
  5 wights (D:8)
  Dowan (D:5)
  19 killer bees
  2 vampire bats (D:3)
  4 howler monkeys
  An electric eel (D:9)
  4 hounds
  3 jellies
  4 orc priests
  2 sleepcaps
  5 orc wizards (D:8)
  2 iguanas (D:5)
  16 gnolls
  3 adders
  2 shadow imps (D:6)
  A white imp (D:8)
  3 ufetubi
  A dart slug (D:1)
  13 orcs
  5 ball pythons
  A bat skeleton (D:3)
  5 bat zombies (D:3)
  4 endoplasms
  4 giant cockroaches
  32 goblins
  24 hobgoblins
  3 jackals (D:1)
  22 kobolds
  2 quokkas
  A bat (D:3)
  5 rats
280 creatures vanquished.

Vanquished Creatures (others)
  117 fulminant prisms
117 creatures vanquished.

Grand Total: 397 creatures vanquished

Notes
Turn   | Place    | Note
-------+----------+-------------------------------------------
     0 | D:1      | bnorton916 the Deep Elf Conjurer began the quest for the
                  | Orb.
     0 | D:1      | Reached XP level 1. HP: 10/10 MP: 6/6
   248 | D:1      | Reached XP level 2. HP: 15/15 MP: 0/8
  1277 | D:2      | Found a shimmering blue altar of Sif Muna.
  1327 | D:2      | Became a worshipper of Sif Muna the Loreminder
  1641 | D:2      | Reached skill level 4 in Spellcasting
  1732 | D:2      | Reached skill level 5 in Conjurations
  1732 | D:2      | Reached XP level 3. HP: 19/19 MP: 8/10
  1735 | D:2      | Learned a level 2 spell: Searing Ray
  1796 | D:2      | Found Jyriump's Armour Shoppe.
  1949 | D:3      | Found a faded altar of an unknown god.
  2384 | D:3      | Noticed a scorpion
  2402 | D:3      | Learned a level 1 spell: Summon Small Mammal
  2551 | D:3      | Killed a scorpion
  2552 | D:3      | Reached skill level 5 in Spellcasting
  2552 | D:3      | Reached XP level 4. HP: 15/24 MP: 5/13
  3251 | D:3      | Learned a level 4 spell: Fulminant Prism
  3256 | D:3      | Learned a level 4 spell: Iskenderun's Mystic Blast
  3469 | D:3      | Reached XP level 5. HP: 18/28 MP: 6/14
  3581 | D:3      | Reached * piety under Sif Muna
  3661 | D:3      | Reached skill level 1 in Hexes
  3758 | D:3      | Reached skill level 1 in Translocations
  4781 | D:3      | Reached ** piety under Sif Muna
  4875 | D:3      | Found an ancient bone altar of Kikubaaqudgha.
  4878 | D:3      | Reached XP level 6. HP: 32/32 MP: 13/16
  5232 | D:4      | Reached skill level 6 in Spellcasting
  5594 | D:4      | Noticed Menkaure
  5600 | D:4      | Killed Menkaure
  5616 | D:4      | Reached XP level 7. HP: 36/36 MP: 1/18
  6358 | D:4      | Found a large runed translucent door.
  6358 | D:4      | Found a large runed translucent door.
  6359 | D:4      | Noticed Grendle's ghost (amateur FoFi)
  6507 | D:5      | Entered Level 5 of the Dungeon
  6518 | D:5      | Noticed Duvessa
  6518 | D:5      | Noticed Dowan
  6718 | D:5      | Found a shimmering altar of Xom.
  6734 | D:5      | Reached skill level 7 in Spellcasting
  6844 | D:5      | Found a staircase to the Ecumenical Temple.
  6849 | Temple   | Entered the Ecumenical Temple
  6946 | D:5      | Found a large runed translucent door.
  6946 | D:5      | Found a large runed translucent door.
  6948 | D:5      | Noticed hawkwood's ghost (amateur DgAr)
  7508 | D:5      | Killed Dowan
  7514 | D:5      | Killed Duvessa
  7743 | D:5      | Reached skill level 8 in Spellcasting
  7848 | D:5      | Found a radiant altar of Vehumet.
  8018 | D:6      | Found Puag's Assorted Antiques.
  8022 | D:6      | Bought a fading helmet for 247 gold pieces
  8022 | D:6      | Identified the +2 helmet "Xefunk" {rC+ Int+3} (You bought
                  | it in a shop on level 6 of the Dungeon)
  8044 | D:6      | Reached XP level 8. HP: 41/41 MP: 14/22
  8591 | D:6      | Noticed Prince Ribbit
  8598 | D:6      | Killed Prince Ribbit
  8599 | D:6      | Reached skill level 9 in Spellcasting
  8599 | D:6      | Noticed Pikel
  8612 | D:5      | Killed Pikel
  8613 | D:5      | Reached skill level 10 in Spellcasting
  8859 | D:6      | Found Pouxkem's Magic Scroll Shop.
  8861 | D:6      | Bought a scroll of noise for 12 gold pieces
  8861 | D:6      | Bought a scroll of teleportation for 36 gold pieces
  9205 | D:6      | Found Tenwuer's Armour Shoppe.
  9223 | D:6      | Found an ornate altar of the Wu Jian Council.
  9261 | D:6      | Reached XP level 9. HP: 45/45 MP: 15/25
  9512 | D:7      | Noticed an unseen horror
  9520 | D:7      | Killed an unseen horror
  9521 | D:7      | Reached skill level 11 in Spellcasting
  9521 | D:7      | Reached skill level 10 in Conjurations
  9944 | D:7      | Noticed a troll
  9950 | D:7      | Killed a troll
 10470 | D:7      | Reached *** piety under Sif Muna
 10524 | D:7      | Reached skill level 12 in Spellcasting
 11200 | D:7      | Learned a level 4 spell: Olgreb's Toxic Radiance
 11233 | D:8      | Reached skill level 1 in Poison Magic
 12288 | D:8      | Reached XP level 10. HP: 40/50 MP: 21/28
 12912 | D:8      | Reached skill level 13 in Spellcasting
 13534 | D:8      | Found the +4 robe of Augmentation {Str+4 Int+4 Dex+4}
 13787 | D:8      | Reached **** piety under Sif Muna
 14161 | D:9      | Reached skill level 1 in Armour
 14642 | D:9      | Found a runed translucent door.
 14768 | D:9      | Noticed Jingleheimer's ghost (novice OpTm)
 14849 | D:4      | Killed Grendle's ghost
 15018 | D:5      | Killed hawkwood's ghost
 15019 | D:5      | Reached skill level 1 in Invocations
 15260 | D:5      | Found a bloodstained altar of Trog.
 15260 | D:5      | Found a hazy altar of Hepliaklqana.
 15260 | D:5      | Found a snail-covered altar of Cheibriados.
 15338 | D:9      | Killed Jingleheimer's ghost
 15339 | D:9      | Reached skill level 5 in Poison Magic
 15905 | D:9      | Noticed Maggie
 15973 | D:9      | Reached XP level 11. HP: 54/54 MP: 21/30
 16282 | D:9      | Reached skill level 14 in Spellcasting
 16635 | D:9      | Found a white marble altar of Elyvilon.
 17307 | D:10     | Entered Level 10 of the Dungeon
 17848 | D:10     | Found a glowing golden altar of the Shining One.
 18892 | D:11     | Noticed Josephine
 20413 | D:11     | Reached skill level 5 in Invocations
 20978 | D:11     | Reached skill level 15 in Spellcasting
 21110 | D:11     | Killed from afar by Josephine

Illustrated notes

Levels and vault maps discovered:
D:1:      dpeg_arrival_rooms_b, layout_basic, minmay_misc_feat_diagonals
D:2:      layout_loops_cross, serial_shops, shop, basic_altar
D:3:      minmay_goblin_kobold_castle, layout_basic, kennysheep_vampire_church,
          nicolae_ecumenical_pavilion
D:4:      layout_rooms, ebering_ghost_disaster_area, uniq_menkaure
D:5:      layout_loops_corners, nicolae_overflow_hidden_temple,
          mainiacjoe_overflow_concentric_impassable, temple_doors_e,
          ebering_ghost_disaster_area, chequers_serial_rivers_micro_b,
          supply_closet_lemuel, uniq_duvessa
D:6:      layout_cave_pools, lemuel_crystal_altar, serial_shops,
          nicolae_stop_n_shop_2, shop, shop, uniq_prince_ribbit1, uniq_pikel
D:7:      layout_cave_pools
D:8:      minmay_evil_eye, layout_rooms
D:9:      layout_stronghold, nicolae_elyvilon_temple_path,
          ebering_ghost_reflecting_pool, palyth_stone_intersect,
          nicolae_looking_at_the_future, uniq_maggie
D:10:     layout_loops_ring, mainiacjoe_overflow_cross_hatched
D:11:     layout_roguey, grunt_lair_entry_orc_guard_hut,
          kennysheep_orc_monster_closet_entryway, uniq_josephine
Temple:   nicolae_temple_god_jail

Skill      XL: |  1  2  3  4  5  6  7  8  9 10 11 |
---------------+----------------------------------+-----
Spellcasting   | 4 5 6 8 10 12 13 15 | 15.0
Conjurations   | 5 6 7 9 11 12 13 | 13.2
Hexes          | 2 3 4 |  4.0
Translocations | 1 3 |  3.0
Poison Magic   | 2 5 |  5.0
Armour         | 2 4 |  4.0
Invocations    | 2 5 |  5.0
Dodging        | |  2.4
Stealth        | |  2.4

Action                     |  1- 3 |  4- 6 |  7- 9 | 10-12 || total
---------------------------+-------+-------+-------+-------++-------
  Melee: Unarmed           |       |     1 |       |       ||     1
         Halberd           |       |       |     1 |     5 ||     6
   Cast: Magic Dart        |    67 |    89 |    80 |    75 ||   311
         Searing Ray       |     1 |    18 |    25 |    24 ||    68
         Summon Small Mamm |     1 |       |     3 |       ||     4
         Fulminant Prism   |       |     2 |    42 |    73 ||   117
         Iskenderun's Myst |       |       |     4 |    44 ||    48
         Olgreb's Toxic Ra |       |       |       |     2 ||     2
    Use: Scroll            |       |       |     9 |     6 ||    15
         Potion            |       |       |     1 |     1 ||     2
 Armour: Robe              |       |    17 |     8 |    11 ||    36
  Dodge: Dodged            |     1 |    29 |    52 |    86 ||   168
